 Dungeon Crawl Stone Soup version 0.27-a0-1565-gad902ab807 (webtiles) character file.

Game seed: 13098053572817686226

2832 s0lipsistnati0n the Nimble (level 10, -1/75 HPs)
             Began as a Djinni Fire Elementalist on July 14, 2021.
             Was a Believer of Makhleb.
             Slain by an orc (3 damage)
             ... on level 7 of the Dungeon on July 16, 2021.
             The game lasted 00:25:37 (12617 turns).

s0lipsistnati0n the Nimble (DjFE)                  Turns: 12617, Time: 00:25:38

Health: -1/75      AC:  2    Str:  7    XL:     10   Next: 3%
Gold:   287        EV: 12    Int: 21    God:    Makhleb [**....] SH:  0 Dex: 13

rFire    + + .     SeeInvis +   d - +2 dagger (drain)
rCold    x . .     Faith    .   (no shield)
rNeg     . . .     Spirit   .   a - +0 robe
rPois    ∞         Reflect  .   (no helmet)
rElec    .         Harm     .   (no cloak)
rCorr    .         Rampage  .   (no gloves)
Will     +....                  (boots unavailable)
Stlth    ++........             (no amulet)
HPRegen  0.22/turn              l - ring of see invisible
MPRegen  0.00/turn              H - +4 ring of evasion

@: flying, held
A: sickness immunity, fire resistance 2, cold vulnerability 1, float, innate
caster, hp casting, extra vitality 1
a: Renounce Religion, Minor Destruction


You were on level 7 of the Dungeon.
You worshipped Makhleb.
Makhleb was pleased with you.
You visited 2 branches of the dungeon, and saw 9 of its levels.
You also visited: Ossuary.

You collected 287 gold pieces.

Inventory:

Hand Weapons
 d - a +2 dagger of draining (weapon)
 r - a +0 hunting sling
 F - a +5 spear
 G - a +5 scimitar
 O - a +2 flail of draining
Missiles
 b - 94 bolts
 f - 168 arrows
 i - 43 sling bullets
 j - 36 poisoned darts
 q - 274 stones
 A - 2 atropa-tipped darts
Armour
 a - a +0 robe (worn)
 t - +0 ice dragon scales
 x - a +2 ring mail of willpower
Jewellery
 k - a +6 ring of strength
 l - a ring of see invisible (left hand)
 H - a +4 ring of evasion (right hand)
Wands
 h - a wand of mindburst (20)
 y - a wand of polymorph (2)
 D - a wand of iceblast (5)
 E - a wand of charming (9)
 P - a wand of flame (15)
 R - a wand of digging (8)
Scrolls
 c - a scroll of enchant armour {unknown}
 g - a scroll of immolation {unknown}
 p - 2 scrolls of amnesia {unknown}
 s - 2 scrolls of magic mapping
 v - 2 scrolls of blinking
 w - 2 scrolls of noise {unknown}
 z - 3 scrolls of teleportation
 B - 2 scrolls of brand weapon {unknown}
 J - 2 scrolls of vulnerability {unknown}
 N - a scroll of fog {unknown}
 Q - a scroll of fear {unknown}
 T - a scroll of summoning {unknown}
Potions
 e - a potion of attraction {unknown}
 m - 2 potions of resistance
 n - 2 potions of brilliance
 o - a potion of lignification {unknown}
 u - a potion of might {unknown}
 C - a potion of haste {unknown}
 I - a potion of flight {unknown}
 K - a potion of cancellation {unknown}
 L - 2 potions of mutation
 M - 3 potions of curing
 S - 2 potions of degeneration {unknown}


   Skills:
 + Level 7.3 Fighting
 + Level 8.4 Dodging
 + Level 2.7 Stealth
 + Level 6.2 Spellcasting


You couldn't memorise any spells.
You knew the following spells:

 Your Spells              Type           Power      Damage    Failure   Level
a - Foxfire               Conj/Fire      100%       2x1d9     1%          1
b - Conjure Flame         Conj/Fire      32%        6-21      2%          3
c - Inner Flame           Hex/Fire       32%        N/A       2%          3
d - Sticky Flame          Conj/Fire      32%        2d5       8%          4
e - Fireball              Conj/Fire      16%        3d8       21%         5
f - Shock                 Conj/Air       100%       1d9       1%          1
g - Wereblood             Tmut           32%        N/A       1%          2
h - Call Canine Familiar  Summ           32%        N/A       2%          3
i - Gell's Gravitas       Tloc           16%        N/A       2%          3
Your spell library was empty.

Dungeon Overview and Level Annotations

Branches:
Dungeon (8/15)             Temple (1/1) D:6         Ossuary (visited)
   Lair: D:8-11

Altars:
Ashenzari
Cheibriados
Dithmenos
Elyvilon
Fedhas
Gozag
Hepliaklqana
Kikubaaqudgha
Makhleb
Nemelex Xobeh
Okawaru
Qazlal
Ru
Sif Muna
Uskayaw
Vehumet
Wu Jian
Xom
Yredelemnul
Zin
The Shining One

Annotations:
D:7 Harold, Pikel


Innate Abilities, Weirdness & Mutations

You are immune to sickness and miasma.
You are immune to poison.
Your flesh is very heat resistant. (rF++)
You are vulnerable to cold. (rC-)
You float through the air rather than walking.
You learn spells naturally, not from books.
Your magical power is your life essence.
You have superior vitality. (+4 HP)


Message History

The orc priest is heavily wounded.
The foxfire hits the orc priest.
The orc priest is severely wounded.
Your hound bites Harold but does no damage.
Harold hits your hound with a +0 flail! The orc priest misses you.
Your hound bites Harold but does no damage.
The orc priest hits you with a +0 quarterstaff.
* * * LOW HITPOINT WARNING * * *
Casting: Foxfire (safe; 1% risk of failure)
Confirm with . or Enter, or press ? or * to list all spells.
You conjure some foxfire!
* * * LOW HITPOINT WARNING * * *
The foxfire hits the orc priest.
You kill the orc priest!
Makhleb accepts your kill.
You can now harness Makhleb's destructive might.
You feel better.
The foxfire hits Harold but does no damage.
Harold is severely wounded.
Your hound barely misses Harold.
Harold closely misses you.
The orc priest hits you but does no damage.
An iguana comes into view.
Blink to where?
Press: ? - help, Dir - move target, f - you
Okay, then.
Unknown command.
You struggle against the net.
The foxfire hits Harold.
Harold is severely wounded.
The foxfire hits Harold.
Harold is almost dead.
Your hound bites Harold.
Harold barely misses you.
Your hound barely misses Harold.
Unknown command.
You struggle against the net.
Your hound bites Harold.
Harold misses your hound.
The orc priest mumbles some strange prayers to Beogh against you.
Pain shoots through your body!
* * * LOW HITPOINT WARNING * * *
The orc hits you with a +1 dagger of venom.
You die...

#........#....
.........#...
.........#.. ....... ..
........... ....... ..
..........####......##..
#......................
#....§.................
#....§@@h..............
.......oo..............?
.........†......?...>...
.###..........#.......!.
.........†..##........
......l...........#....
....###.................
.... ..#...............
♣....♣......


You could see Harold (ally target), an iguana, an orc priest, an orc and a
friendly hound (summoned).

Vanquished Creatures
  Menkaure (D:7)
  Edmund (D:5)
  A water moccasin (D:5)
  Duvessa (D:5)
  2 orc warriors
  An ice beast (D:6)
  2 centaurs (D:4)
  3 ogres (D:5)
  A lemure (D:7)
  3 elf zombies (Ossuary)
  A scorpion (D:5)
  Dowan (D:5)
  5 wights (D:8)
  4 howler monkeys
  A bullfrog skeleton (D:6)
  4 hounds
  3 jellies
  4 centaur zombies
  4 human zombies (Ossuary)
  An orc priest (D:7)
  2 centaur skeletons (D:6)
  Ijyb (D:3)
  5 iguanas
  3 mummies (Ossuary)
  10 adders
  A shadow imp (D:6)
  2 ufetubi
  An adder zombie (D:5)
  An adder skeleton (D:4)
  A dart slug (D:1)
  2 worms (D:2)
  13 orcs
  6 endoplasms
  7 giant cockroaches
  5 goblins
  9 hobgoblins
  7 jackals (D:2)
  4 kobolds
  6 quokkas
  9 ball pythons
  5 bats
  2 frilled lizards
  5 rats
  A bush (D:7)
152 creatures vanquished.

Vanquished Creatures (collateral kills)
  An elf zombie (Ossuary)
  A centaur zombie (Ossuary)
  3 foxfires (D:7)
5 creatures vanquished.

Vanquished Creatures (others)
  1037 foxfires
  4 plants (D:7)
1041 creatures vanquished.

Grand Total: 1198 creatures vanquished

Notes
Turn   | Place    | Note
-------+----------+-------------------------------------------
     0 | D:1      | s0lipsistnati0n the Djinni Fire Elementalist began the
                  | quest for the Orb.
     0 | D:1      | Reached XP level 1. HP: 15/15 MP: 0/0
   515 | D:1      | Reached XP level 2. HP: 20/22 MP: 0/0
   782 | D:1      | Reached skill level 1 in Fighting
  1336 | D:1      | Reached XP level 3. HP: 25/27 MP: 0/0
  1336 | D:1      | Learned a level 1 spell: Shock
  2505 | D:2      | Reached skill level 3 in Dodging
  2867 | D:2      | Reached XP level 4. HP: 27/32 MP: 0/0
  2868 | D:2      | Found a faded altar of an unknown god.
  3752 | D:2      | Found an opulent altar of Gozag.
  4055 | D:3      | Found an iron altar of Okawaru.
  4067 | D:3      | Found a blossoming altar of Fedhas.
  4242 | D:3      | Noticed Ijyb
  4370 | D:3      | Killed Ijyb
  4371 | D:3      | Reached XP level 5. HP: 29/38 MP: 0/0
  4371 | D:3      | Learned a level 2 spell: Wereblood
  4531 | D:3      | Found a white marble altar of Elyvilon.
  4531 | D:3      | Found a burning altar of Makhleb.
  4531 | D:3      | Found a hazy altar of Hepliaklqana.
  4561 | D:3      | Became a worshipper of Makhleb the Destroyer
  4827 | D:4      | Noticed a centaur
  4837 | D:4      | Killed a centaur
  4838 | D:4      | Reached skill level 4 in Dodging
  4838 | D:4      | Reached XP level 6. HP: 6/45 MP: 0/0
  4839 | D:4      | HP: 1/45 [frozen (4)]
  5169 | D:4      | Found a shadowy altar of Dithmenos.
  6088 | D:4      | Reached XP level 7. HP: 30/50 MP: 0/0
  6088 | D:4      | Learned a level 3 spell: Call Canine Familiar
  6705 | D:5      | Entered Level 5 of the Dungeon
  6807 | D:5      | Reached skill level 5 in Dodging
  7062 | D:5      | Noticed Dowan
  7069 | D:5      | Killed Dowan
  7072 | D:5      | Noticed Duvessa
  7102 | D:5      | Killed Duvessa
  7103 | D:5      | Reached XP level 8. HP: 14/58 MP: 0/0
  7143 | D:4      | Reached * piety under Makhleb
  7543 | D:5      | Reached skill level 6 in Dodging
  7630 | D:5      | You are sucked into a shaft and drop 3 floors!
  7681 | D:8      | Reached skill level 5 in Fighting
  7784 | D:8      | Noticed a yak
  8149 | D:8      | Reached skill level 5 in Spellcasting
  8311 | D:8      | Identified the +1 robe of Grim Mirth {Harm Dex+3}
  8577 | D:6      | Found a sand-covered staircase.
  8581 | Ossuary  | Entered an ossuary
  8780 | Ossuary  | Reached XP level 9. HP: 52/66 MP: 0/0
  8780 | Ossuary  | Learned a level 3 spell: Gell's Gravitas
  9206 | Ossuary  | Reached skill level 7 in Dodging
 10490 | D:5      | Noticed Edmund
 10498 | D:5      | Killed Edmund
 10986 | D:5      | Upgraded the game from 0.27-a0-1555-g0e7b3fb1d2 to
                  | 0.27-a0-1565-gad902ab807
 11274 | D:6      | Reached skill level 8 in Dodging
 11486 | D:6      | Found a staircase to the Ecumenical Temple.
 11492 | Temple   | Entered the Ecumenical Temple
 12172 | D:7      | Noticed Menkaure
 12175 | D:7      | Noticed Pikel
 12178 | D:7      | Killed Menkaure
 12600 | D:7      | Noticed Harold
 12607 | D:7      | Reached XP level 10. HP: 68/75 MP: 0/0
 12615 | D:7      | Reached ** piety under Makhleb
 12617 | D:7      | HP: 2/75 [orc priest/nerve-wracking pain (13)]
 12617 | D:7      | Slain by an orc

Illustrated notes

Levels and vault maps discovered:
D:1:      minmay_arrival_nine_rooms, layout_loops_corners,
          corexii_hall_statues_i
D:2:      layout_basic, shapermc_ecumenical_altar_starsandcircs, basic_altar
D:3:      layout_rooms, mainiacjoe_overflow_big_doors,
          gammafunk_temple_overflow_claw, nrook_mini_backslash, uniq_ijyb
D:4:      layout_gridville, nicolae_dithmenos_shadow_blocks,
          kennysheep_generic_room_16
D:5:      layout_basic, minmay_misc_feat_doors, uniq_duvessa, uniq_edmund
D:6:      layout_cave_pools, temple_green,
          nicolae_ossuary_entry_false_entrances, kennysheep_potato
D:7:      layout_cave_pools, serial_park, serial_park_gazebo
          [serial_park_minivault_5x5_5], lemuel_old_faithful, uniq_pikel,
          uniq_harold, uniq_menkaure
D:8:      layout_basic
Temple:   regret_index_temple_generic_petals

Skill      XL: |  1  2  3  4  5  6  7  8  9 |
---------------+----------------------------+-----
Fighting       | 1 2 3 4 5 7 |  7.3
Dodging        | 3 4 5 6 8 |  8.4
Spellcasting   | 3 4 5 6 |  6.2
Stealth        | 2 |  2.7

Action                   |  1- 3 |  4- 6 |  7- 9 | 10-12 || total
-------------------------+-------+-------+-------+-------++-------
Melee: Unarmed           |     2 |       |       |       ||     2
       Dagger            |    11 |    10 |    43 |       ||    64
 Cast: Foxfire           |   122 |   163 |   319 |     9 ||   613
       Shock             |     9 |     6 |     1 |       ||    16
       Call Canine Famil |       |       |     9 |       ||     9
       Sticky Flame      |       |       |     4 |       ||     4
       Inner Flame       |       |       |     1 |       ||     1
Evoke: Wand              |       |       |     1 |       ||     1
  Use: Potion            |       |       |     2 |       ||     2
       Scroll            |       |       |     9 |       ||     9
Armor: Robe              |     3 |     5 |    19 |     1 ||    28
Dodge: Dodged            |    21 |    21 |   129 |     6 ||   177

Table legend: (Time is in decaauts)
 A = Elapsed time spent in this place.
 B = Non-inter-level travel time spent in this place.
 C = Inter-level travel time spent in this place.
 D = Time resting spent in this place.
 E = Time spent auto-exploring this place.
 F = Levels seen in this place.
 G = Mean time per level.
                   A        B        C        D        E       F      G
               +--------+--------+--------+--------+--------+-----+--------+
         Total |  12607 |  12349 |    258 |   3640 |   6831 |  10 | 1260.7 |
       Dungeon |  10691 |  10458 |    233 |   2364 |   6587 |   8 | 1336.4 |
        Temple |    215 |    190 |     25 |      0 |    190 |   1 |  215.0 |
       Ossuary |   1700 |   1700 |      0 |   1276 |     54 |   1 | 1700.0 |
               +--------+--------+--------+--------+--------+-----+--------+

Top non-repeatable levels by time:
     D:1: 2210 daAuts
     D:4: 2174 daAuts
 Ossuary: 1700 daAuts
     D:2: 1660 daAuts
     D:6: 1581 daAuts
     D:5: 1423 daAuts
     D:3: 884 daAuts
     D:8: 702 daAuts
  Temple: 215 daAuts
     D:7: 52 daAuts
